 Dungeon Crawl Stone Soup version 0.28.0-53-g5a82cb258f (webtiles) character file.

Game seed: 13758812378974359788

41 MisterFreud the Covert (level 3, 0/32 (35) HPs)
             Began as a Gnoll Delver on July 20, 2022.
             Slain by a wight
             ... wielding a +0 spear
              (2 damage)
             ... in an ossuary.
             The game lasted 00:00:50 (238 turns).

MisterFreud the Covert (Gnoll Delver)                Turns: 238, Time: 00:00:51

HP:   0/32 (35)     AC:  3    Str: 11    XL:     3   Next: 52%
MP:   4/4           EV: 13    Int: 11    God:
Gold: 0             SH:  0    Dex: 13    Spells: 3/3 levels left

rFire   . . .      SeeInvis .   a - +0 short sword
rCold   . . .      Faith    .   (no shield)
rNeg    . . .      Spirit   .   b - +0 leather armour
rPois   .          Reflect  .   (no helmet)
rElec   .          Harm     .   (no cloak)
rCorr   .          Rampage  .   (no gloves)
Will    .....                   (no boots)
Stlth   ++++......              (no amulet)
HPRegen 0.10/turn               (no ring)
MPRegen 0.09/turn               (no ring)

@: drained
A: fangs 1, strong nose, distributed training
a: no special abilities


You were in an ossuary.
You visited 1 branch of the dungeon, and saw 2 of its levels.
You also visited: Ossuary.

Inventory:

Hand Weapons
 a - a +0 short sword (weapon)
Armour
 b - a +0 leather armour (worn)
Wands
 g - a wand of digging (3)
 h - a wand of paralysis (10)
Scrolls
 c - a scroll of fog
 d - a scroll of magic mapping
 e - a scroll of fear
Potions
 f - a potion of haste


   Skills:
 + Level 6.5 Fighting
 + Level 4.5 Short Blades
 + Level 0.8 Long Blades
 + Level 0.8 Axes
 + Level 0.8 Maces & Flails
 + Level 0.8 Polearms
 + Level 0.8 Staves
 + Level 0.8 Slings
 + Level 0.8 Bows
 + Level 0.8 Crossbows
 + Level 0.8 Throwing
 + Level 0.8 Armour
 + Level 4.5 Dodging
 + Level 9.6 Stealth
 + Level 0.8 Shields
 + Level 0.8 Unarmed Combat
 + Level 0.8 Spellcasting
 + Level 0.5 Conjurations
 + Level 0.5 Hexes
 + Level 0.5 Summonings
 + Level 0.5 Necromancy
 + Level 0.5 Translocations
 + Level 0.5 Transmutations
 + Level 0.5 Fire Magic
 + Level 0.5 Ice Magic
 + Level 0.5 Air Magic
 + Level 0.5 Earth Magic
 + Level 0.5 Poison Magic
 + Level 1.0 Invocations
 + Level 0.8 Evocations


You had 3 spell levels left.
You didn't know any spells.
Your spell library was empty.

Dungeon Overview and Level Annotations

Branches:
Dungeon (6/15)            Ossuary (1/1)
 Temple: D:4-7

Altars:


Innate Abilities, Weirdness & Mutations

You have very sharp teeth.
Your uncanny sense of smell can sniff out nearby items.
Your experience applies equally to all skills.


Message History

An orc skeleton is nearby!
There is an open door here.
The helpless orc skeleton fails to defend itself.
You impale the orc skeleton!!
You destroy the orc skeleton!
As you open the door, it creaks loudly!
A wight comes into view. It is wielding a +0 spear.
The wight closely misses you.
A wight is nearby!
The wight misses you.
There is an open door here.
You don't know any spells.
Okay, then.
Unknown command.
You hit the wight. You punch the wight.
The wight is moderately damaged.
The wight misses you.
You hit the wight but do no damage. You bite the wight, but do no damage.
The wight is moderately damaged.
The wight hits you with a +0 spear.
You feel drained.
You hit the wight but do no damage.
The wight is moderately damaged.
The wight hits you with a +0 spear.
You hit the wight but do no damage.
The wight is moderately damaged.
The wight hits you with a +0 spear.
You feel drained.
You hit the wight but do no damage.
The wight is moderately damaged.
The wight hits you with a +0 spear!
You hit the wight but do no damage.
The wight is moderately damaged.
You hit the wight.
The wight is heavily damaged.
The wight closely misses you.
You hit the wight.
The wight is severely damaged.
The wight hits you with a +0 spear!
* * * LOW HITPOINT WARNING * * *
You feel drained.
You die...

##...##
##.
###'###
##
#.'.'.#
###.###
#.'.'.#
###.###
#.'.'.#
###.###
+.@z#
#.###
+.+ #.#
#+# ∆∆∆


You could see a wight.

Vanquished Creatures
  A gnoll shaman (D:5)
  A gnoll (D:5)
  A ball python skeleton (Ossuary)
  A hobgoblin zombie (Ossuary)
  A kobold zombie (Ossuary)
  2 orc skeletons (Ossuary)
  An orc zombie (Ossuary)
8 creatures vanquished.

Notes
Turn   | Place    | Note
-------+----------+-------------------------------------------
     0 | D:5      | Reached skill level 9 in Stealth
     0 | D:5      | MisterFreud the Gnoll Delver began the quest for the Orb.
     0 | D:5      | Reached XP level 1. HP: 23/23 MP: 1/1
     1 | D:6      | Noticed an ogre
    35 | D:5      | Noticed a gnoll shaman
    41 | D:5      | Reached XP level 2. HP: 29/29 MP: 2/2
    44 | D:5      | Reached XP level 3. HP: 35/35 MP: 2/4
    59 | D:5      | Found a sand-covered staircase.
    64 | Ossuary  | Entered an ossuary
   204 | Ossuary  | Reached skill level 1 in Invocations
   238 | Ossuary  | Slain by a wight

Illustrated notes

Levels and vault maps discovered:
D:5:      layout_basic, nicolae_ossuary_entry_ruins
D:6:      layout_basic, minmay_temple_entry_waves, minmay_manual_mail,
          uniq_blork_the_orc, uniq_edmund
Ossuary:  ossuary_due_cavern

Skill      XL: |  1  2  3 |
---------------+----------+-----
Stealth        | |  9.6
Invocations    | 1 |  1.0
Fighting       | |  6.5
Short Blades   | |  4.5
Long Blades    | |  0.8
Axes           | |  0.8
Maces & Flails | |  0.8
Polearms       | |  0.8
Staves         | |  0.8
Slings         | |  0.8
Bows           | |  0.8
Crossbows      | |  0.8
Throwing       | |  0.8
Armour         | |  0.8
Dodging        | |  4.5
Shields        | |  0.8
Unarmed Combat | |  0.8
Spellcasting   | |  0.8
Conjurations   | |  0.5
Hexes          | |  0.5
Summonings     | |  0.5
Necromancy     | |  0.5
Translocations | |  0.5
Transmutations | |  0.5
Fire Magic     | |  0.5
Ice Magic      | |  0.5
Air Magic      | |  0.5
Earth Magic    | |  0.5
Poison Magic   | |  0.5
Evocations     | |  0.8

Action                   || total
-------------------------++-------
Melee: Short sword       ||    20
       Bite              ||     2
       Punch             ||     1
 Stab: Sleeping          ||     7
Armor: Leather armour    ||     1
Dodge: Dodged            ||     8
